Map: Crimson Court LE

Players

HeroMarine - Winner!

  • Race: Terran Terran
  • League: Grandmaster
  • Spawn Location: 1:00

trigger

  • Race: Protoss Protoss
  • League: Grandmaster
  • Spawn Location: 7:00

Event: HomeStory Cup XXV

VOD

Have the link to the VOD?

Description

Time

  • Played on: June 22, 2024, 1:08 p.m.
  • Length: 15:59

All games in this series

Show
View Real Time Build Order
Export as new Build Order

HeroMarine Terran - Winner!

Build Orders:  

Get SALT Encoding   

  12  0:00  SCV  
  13  0:12  SCV  
  14  0:17  Supply Depot  
  14  0:24  SCV  
  15  0:38  SCV  
  15  0:41  Barracks  
  16  0:43  Refinery  
  16  0:50  SCV  
  16  0:52  Refinery  
  17  1:02  SCV  
  18  1:15  SCV  
  19  1:29  Orbital Command, Reaper  
  20  1:40  Factory  
  20  1:46  Supply Depot  
  20  1:55  SCV  
  21  2:01  Barracks Reactor  
  21  2:07  SCV  
  22  2:15  Command Center  
  22  2:19  SCV  
  25  2:31  SCV  
  25  2:36  Starport  
  24  2:38  Widow Mine  
  24  2:44  SCV  
  27  2:50  Supply Depot  
  27  2:56  SCV  
  28  2:59  Widow Mine  
  28  3:02  Marine  
  31  3:11  Marine  
  31  3:12  SCV  
  32  3:13  Medivac  
  34  3:21  Marine, Widow Mine  
  34  3:24  SCV  
  38  3:27  Orbital Command  
  38  3:29  Marine  
  39  3:36  SCV  
  39  3:37  Bunker  
  39  3:39  Marine  
  41  3:42  Factory Tech Lab  
  41  3:43  Starport Tech Lab  
  41  3:47  Marine  
  41  3:48  SCV  
  43  3:51  Supply Depot  
  43  3:54  SCV  
  44  4:00  SCV  
  49  4:02  Siege Tank  
  49  4:04  Raven  
  49  4:06  SCV  
  49  4:09  Marine x2  
  53  4:12  SCV  
  54  4:18  Supply Depot  
  54  4:20  SCV  
  55  4:25  SCV  
  55  4:27  Marine x2, Barracks  
  52  4:33  SCV  
  52  4:34  Siege Tank  
  52  4:37  SCV  
  57  4:39  Barracks  
  57  4:45  SCV, Marine x2  
  59  4:49  SCV  
  59  4:51  Engineering Bay  
  59  4:52  Refinery  
  61  4:59  SCV  
  62  5:02  SCV, Marine  
  62  5:03  Marine  
  65  5:07  Supply Depot  
  65  5:12  SCV  
  65  5:14  SCV  
  67  5:17  Terran Infantry Weapons Level 1  
  67  5:20  Marine x2  
  69  5:22  Refinery  
  69  5:24  SCV  
  69  5:25  Stimpack  
  69  5:26  Supply Depot  
  70  5:29  SCV, Marauder  
  70  5:30  Factory Reactor  
  70  5:31  Starport Reactor  
  73  5:36  SCV  
  73  5:38  Marine x2  
  73  5:39  Supply Depot, Marauder  
  73  5:42  Combat Shield  
  78  5:48  Supply Depot, SCV  
  79  5:50  Marauder  
  79  5:56  SCV  
  82  6:00  SCV, Marauder  
  85  6:12  Marauder  
  85  6:13  Medivac x2  
  85  6:15  Widow Mine  
  85  6:16  Marine x2  
  94  6:21  Supply Depot, Marauder  
  94  6:23  Supply Depot  
  95  6:33  Marauder  
  95  6:37  Widow Mine x2  
  95  6:38  Marine  
  102  6:43  Marine, Marauder  
  102  6:45  Supply Depot  
  105  6:47  Supply Depot  
  105  6:55  Marauder  
  105  6:56  Marine  
  105  6:57  Command Center  
  105  6:58  SCV x2  
  105  7:00  Marine  
  110  7:05  Marauder  
  111  7:14  Marine  
  113  7:15  Widow Mine, Medivac x2  
  113  7:16  Marauder, Widow Mine  
  113  7:18  Marine, Terran Infantry Armor Level 1  
  116  7:26  Marauder  
  103  7:37  Marauder  
  103  7:39  SCV x2  
  103  7:42  Barracks x2  
  98  7:47  Marauder  
  92  7:51  SCV x2  
  92  7:55  Viking x2  
  92  7:56  Marine x2  
  96  7:59  Marauder  
  96  8:00  Ghost Academy  
  96  8:03  SCV  
  96  8:04  Supply Depot, SCV  
  100  8:09  Marauder  
  100  8:10  Orbital Command  
  100  8:11  Factory Tech Lab  
  102  8:16  SCV x2, Bunker  
  104  8:20  Marauder  
  104  8:25  Viking x2  
  110  8:27  Marine x2  
  110  8:30  Siege Tank, Marauder  
  110  8:31  Barracks Tech Lab  
  110  8:32  SCV x2  
  115  8:42  Marauder  
  115  8:44  Marine x2  
  115  8:46  SCV x2  
  115  8:47  Orbital Command  
  121  8:51  Marine x2  
  121  8:52  Marauder  
  125  8:59  Marauder  
  125  9:00  Viking  
  125  9:02  Siege Tank  
  133  9:03  Marauder, Viking  
  136  9:11  Marine x3  
  136  9:12  Marine  
  136  9:13  Marauder  
  136  9:16  Supply Depot  
  141  9:20  Marauder  
  142  9:24  Marauder  
  142  9:29  SCV x3, Marine x4  
  147  9:34  Marauder  
  147  9:35  Viking x2  
  152  9:42  Ghost  
  152  9:45  Ghost  
  156  9:52  Supply Depot  
  156  9:55  SCV  
  156  9:56  Missile Turret  
  156  9:58  Ghost  
  156  9:59  SCV x2  
  161  10:00  Siege Tank  
  164  10:10  Marine  
  164  10:14  Marine, Marauder x2, Viking  
  165  10:15  Marine  
  165  10:19  Marine  
  167  10:28  Marine, Marauder  
  146  10:32  Marine  
  124  10:36  Marauder x2  
  124  10:39  Marine x2, Refinery x2, Command Center  
  124  10:42  SCV x2  
  125  10:43  SCV  
  125  10:46  Marine  
  125  10:49  Marine, Marauder  
  128  10:50  Orbital Command  
  128  10:51  Barracks  
  128  10:52  Barracks, Viking x2  
  128  10:54  Barracks  
  130  10:57  Sensor Tower  
  130  10:58  Armory  
  130  11:02  Engineering Bay  
  130  11:09  SCV  
  115  11:13  SCV  
  115  11:14  Marine x2  
  115  11:17  SCV  
  111  11:18  Marine x2  
  111  11:19  Marine  
  111  11:21  SCV  
  111  11:24  Marine  
  111  11:25  SCV  
  118  11:29  SCV  
  118  11:30  Medivac x2  
  118  11:31  Marine x2  
  125  11:33  SCV  
  125  11:36  Ghost  
  127  11:41  SCV x2  
  127  11:44  Barracks Tech Lab, Terran Infantry Armor Level 2, Terran Infantry Weapons Level 2, Barracks Reactor  
  127  11:46  Marauder  
  131  11:49  Marine x3  
  131  11:52  SCV  
  131  11:53  SCV, Marine x2  
  138  11:59  SCV  
  139  12:03  Marauder, Sensor Tower  
  139  12:04  SCV  
  139  12:05  SCV, Marine  
  139  12:08  Marine x2  
  144  12:10  Concussive Shells  
  144  12:11  SCV  
  151  12:15  Planetary Fortress  
  151  12:18  SCV x2  
  151  12:20  Unknown  
  151  12:21  Marine x2  
  153  12:23  SCV  
  153  12:26  Viking x2  
  156  12:33  SCV x2  
  156  12:35  Missile Turret, Marauder  
  156  12:44  Marauder  
  156  12:46  Marine x2, Ghost, Marauder x2  
  156  12:48  Marine x4  
  169  12:59  Terran Ship Weapons Level 1  
  169  13:00  Ghost  
  169  13:05  Ghost  
  171  13:06  Ghost  
  171  13:07  Viking x2  
  171  13:11  Factory Reactor  
  179  13:14  Ghost  
  179  13:15  Starport  
  179  13:18  Supply Depot  
  181  13:20  Supply Depot  
  181  13:22  Missile Turret  
  181  13:32  Ghost  
  183  13:37  Ghost, Viking x2  
  183  13:39  Ghost  
  188  13:42  Marine  
  188  13:43  Marine x2  
  188  13:44  Marine  
  188  13:45  Marine  
  188  13:47  Marine x2  
  195  14:00  Command Center  
  195  14:11  Ghost  
  195  14:14  Ghost  
  196  14:25  Viking x2  
  196  14:27  Medivac x2  
  195  14:42  Ghost x2  
  199  14:46  Command Center  
  198  14:55  Medivac  
  200  15:04  Ghost  
  200  15:06  Ghost  
  171  15:07  Marine x2, Marauder  
  171  15:11  Marine, Marauder x2  
  160  15:15  Marine x2  
  160  15:18  Marine  
  150  15:25  Marine x2  
  141  15:28  Marauder  
  141  15:29  Marine  
  141  15:32  Marine  
  141  15:33  Marine x2, Marauder x2  
  141  15:35  Marine x2  
Show
View Real Time Build Order
Export as new Build Order

trigger Protoss 

Build Orders: 1 Gate Expand, Blink Stalkers, Chargelot Immortal, Colossus Rush 

Get SALT Encoding   

  12  0:00  Probe  
  13  0:12  Probe  
  14  0:17  Pylon  
  14  0:24  Probe (Chrono Boost)  
  16  0:36  Gateway, Probe (Chrono Boost)  
  16  0:43  Probe (Chrono Boost)  
  16  0:45  Assimilator  
  17  0:50  Probe  
  18  1:03  Probe  
  19  1:15  Probe  
  20  1:25  Cybernetics Core  
  20  1:30  Nexus  
  20  1:33  Probe  
  21  1:40  Pylon  
  21  1:47  Assimilator  
  21  1:48  Probe  
  22  2:00  Probe (Chrono Boost)  
  23  2:01  Stalker (Chrono Boost)  
  25  2:11  Probe (Chrono Boost)  
  26  2:17  Shield Battery, Probe (Chrono Boost)  
  26  2:21  Warp Gate  
  27  2:24  Stalker  
  27  2:29  Probe  
  30  2:38  Twilight Council  
  30  2:43  Probe (Chrono Boost)  
  32  2:46  Probe (Chrono Boost)  
  33  2:52  Probe (Chrono Boost)  
  33  2:55  Gateway  
  33  2:56  Probe (Chrono Boost)  
  33  2:57  Probe (Chrono Boost)  
  34  3:04  Stalker  
  37  3:10  Probe (Chrono Boost)  
  37  3:11  Blink (Chrono Boost), Probe (Chrono Boost)  
  39  3:23  Probe (Chrono Boost)  
  39  3:24  Probe (Chrono Boost)  
  41  3:27  Pylon  
  41  3:29  Probe  
  41  3:32  Probe  
  43  3:39  Robotics Facility  
  43  3:41  Probe  
  44  3:47  Probe  
  45  3:54  Nexus  
  45  3:58  Pylon  
  45  4:03  Probe x2  
  45  4:09  Stalker x2  
  51  4:13  Assimilator  
  51  4:15  Assimilator, Probe  
  52  4:17  Probe  
  53  4:29  Probe  
  45  4:31  Probe  
  45  4:33  Observer  
  47  4:41  Probe (Chrono Boost)  
  49  4:47  Probe (Chrono Boost)  
  49  4:48  Robotics Bay  
  49  4:49  Forge  
  50  4:54  Probe (Chrono Boost)  
  50  4:59  Probe (Chrono Boost)  
  51  5:00  Probe (Chrono Boost)  
  52  5:08  Charge  
  52  5:09  Probe (Chrono Boost)  
  52  5:10  Gateway, Probe x2 (Chrono Boost)  
  52  5:11  Gateway  
  55  5:14  Pylon  
  58  5:22  Probe (Chrono Boost)  
  58  5:24  Protoss Ground Weapons Level 1  
  58  5:25  Probe x2 (Chrono Boost)  
  58  5:27  Probe (Chrono Boost)  
  59  5:32  Probe x2  
  61  5:36  Probe, Colossus (Chrono Boost)  
  68  5:43  Extended Thermal Lance  
  68  5:44  Probe x2  
  68  5:48  Probe, Pylon  
  71  5:55  Gateway  
  71  5:56  Probe  
  72  5:58  Gateway  
  72  6:01  Pylon  
  72  6:03  Sentry, Pylon  
  72  6:04  Sentry  
  76  6:05  Probe  
  76  6:06  Probe  
  78  6:12  Gateway  
  78  6:14  Stalker  
  80  6:20  Stalker  
  79  6:30  Zealot x2  
  83  6:34  Colossus (Chrono Boost)  
  83  6:36  Pylon  
  83  6:39  Probe  
  89  6:40  Probe  
  89  6:42  Zealot  
  89  6:44  Zealot  
  94  6:48  Zealot  
  94  6:53  Probe x2  
  92  6:56  Zealot x3  
  96  7:04  Stalker  
  98  7:14  Probe x2  
  98  7:15  Zealot x2  
  104  7:18  Probe  
  104  7:20  Zealot x3  
  104  7:22  Immortal (Chrono Boost)  
  113  7:27  Zealot  
  115  7:35  Stalker x2  
  115  7:36  Stalker  
  111  7:38  Probe  
  111  7:43  Probe  
  111  7:44  Protoss Ground Weapons Level 2 (Chrono Boost)  
  111  7:47  Probe  
  112  7:52  Probe  
  112  7:56  Probe  
  106  8:04  Nexus  
  106  8:07  Warp Prism (Chrono Boost)  
  106  8:10  Zealot x2, Pylon  
  106  8:12  Zealot  
  114  8:24  Zealot  
  116  8:28  Gateway  
  116  8:29  Pylon  
  116  8:34  Zealot x4  
  116  8:37  Pylon  
  116  8:39  Probe x2  
  124  8:46  Immortal (Chrono Boost)  
  124  8:47  Robotics Facility, Probe  
  129  8:51  Probe  
  130  9:03  Probe x2  
  130  9:05  Probe  
  130  9:06  Shield Battery  
  130  9:08  Photon Cannon  
  130  9:09  Pylon  
  133  9:15  Immortal (Chrono Boost)  
  133  9:16  Sentry x2, Probe x2  
  139  9:17  Pylon  
  143  9:27  Probe  
  143  9:28  Forge  
  142  9:36  Stalker x4  
  142  9:37  Immortal (Chrono Boost)  
  154  9:43  Pylon  
  154  9:45  Pylon  
  154  9:49  Protoss Ground Armor Level 1 (Chrono Boost)  
  158  9:57  Gateway  
  158  9:59  Gateway  
  158  10:00  Immortal (Chrono Boost)  
  158  10:01  Gateway  
  158  10:05  Immortal (Chrono Boost)  
  162  10:14  Zealot x6  
  162  10:16  Zealot, Protoss Ground Weapons Level 3 (Chrono Boost)  
  144  10:35  Immortal (Chrono Boost)  
  118  10:43  Stalker x6  
  130  10:56  Colossus (Chrono Boost)  
  130  10:57  Zealot x4, Nexus  
  144  11:10  Zealot x4  
  102  11:26  Colossus (Chrono Boost)  
  102  11:30  Zealot x5, Sentry  
  114  11:35  Zealot x2  
  114  11:37  Immortal (Chrono Boost)  
  118  11:44  Shield Battery  
  122  11:48  Zealot x2  
  124  12:06  Immortal (Chrono Boost)  
  124  12:07  Colossus (Chrono Boost)  
  128  12:09  Zealot  
  128  12:10  Zealot x2  
  138  12:17  Stalker x2  
  138  12:18  Zealot  
  144  12:25  Stalker x2, Zealot  
  144  12:30  Zealot x2  
  148  12:42  Immortal (Chrono Boost)  
  148  12:50  Protoss Ground Armor Level 2 (Chrono Boost)  
  144  12:54  Stalker x2  
  144  12:55  Zealot x3  
  144  12:57  Assimilator, Zealot x3  
  156  12:59  Zealot x2  
  160  13:13  Pylon  
  160  13:15  Immortal (Chrono Boost)  
  168  13:21  Zealot x3  
  168  13:25  Protoss Shields Level 1, Pylon, Immortal (Chrono Boost)  
  174  13:29  Pylon  
  174  13:32  Zealot x2  
  176  13:37  Stalker x2  
  176  13:39  Stalker  
  182  13:45  Stalker x2  
  186  13:49  Assimilator  
  186  13:55  Stalker x3  
  192  14:06  Probe  
  191  14:10  Nexus  
  188  14:19  Zealot x6  
  180  14:33  Immortal (Chrono Boost)  
  186  14:39  Stalker x2  
  186  14:43  Immortal (Chrono Boost)  
  190  14:53  Stalker  
  190  14:54  Stalker x4  
  190  14:58  Zealot x2  
  189  15:01  Zealot  
  189  15:06  Zealot x2  
  116  15:18  Zealot x2  
  116  15:21  Zealot  
  102  15:28  Zealot x2  
  85  15:33  Zealot x2  
  83  15:37  Zealot  
  83  15:41  Stalker  
  83  15:43  Zealot  
  83  15:48  Stalker  
  83  15:49  Stalker  
  80  15:51  Zealot  
Tags
 
Add a new tag
Caveats
  • Supply blocks, unpowered buildings, or Contaminate may cause inaccurate times.
  • Supply counts are checked every 10 seconds.